 Dungeon Crawl Stone Soup version 0.22.1 (webtiles) character file.

462 Korosensei the Covert (level 7, -4/45 HPs)
             Began as an Octopode Assassin on Sept 18, 2018.
             Slain by a gnoll
             ... wielding a +0 spear
              (8 damage)
             ... on level 4 of the Dungeon.
             The game lasted 00:04:27 (2643 turns).

Korosensei the Covert (Octopode Assassin)           Turns: 2643, Time: 00:04:28

Health: -4/45      AC:  1    Str: 11    XL:     7   Next: 7%
Magic:  7/7        EV: 13    Int: 13    God:
Gold:   89         SH:  0    Dex: 15    Spells: 6/6 levels left

rFire    . . .     SeeInvis .   a - +2 dagger
rCold    . . .     Gourm    .   (no shield)
rNeg     . . .     Faith    .   (helmet restricted)
rPois    .         Spirit   .   (no amulet)
rElec    .         Reflect  .   (no ring)
rCorr    .         Harm     .   (no ring)
MR       .....                  (no ring)
Stlth    ++++++....             (no ring)
HPRegen  0.15/turn              (no ring)
MPRegen  0.10/turn              (no ring)
                                (no ring)
                                (no ring)

@: no status effects
A: almost no armour, stealthy swim, amphibious, 8 rings, constrict 8, camouflage
1, gelatinous body 1
a: no special abilities


You were on level 4 of the Dungeon.
You were not hungry.

You visited 1 branch of the dungeon, and saw 4 of its levels.

You collected 89 gold pieces.

Inventory:

Hand Weapons
 a - a +2 dagger (weapon)
 b - a +0 blowgun
Missiles
 c - 8 poisoned needles
 d - 2 curare-tipped needles
Jewellery
 v - a cursed ring of attention {unknown}
Scrolls
 e - 2 scrolls of amnesia {unknown}
 g - 2 scrolls of enchant armour {unknown}
 h - a scroll of teleportation {unknown}
 j - 3 scrolls of remove curse {unknown}
 k - a scroll of fear {unknown}
 n - a scroll of immolation {unknown}
 o - 2 scrolls of random uselessness {unknown}
 p - 2 scrolls of identify {unknown}
 q - a scroll of noise {unknown}
 s - a scroll of magic mapping {unknown}
Potions
 i - 2 potions of haste {unknown}
 l - 2 potions of heal wounds
 m - a potion of mutation {unknown}
 r - 2 potions of curing {unknown}
 t - a potion of degeneration {unknown}
 u - a potion of lignification {unknown}
Comestibles
 f - 6 rations
 w - a chunk of flesh


   Skills:
 - Level 2.0 Fighting
 - Level 2.0 Short Blades
 - Level 2.0 Throwing
 - Level 1.0 Dodging
 + Level 11.3 Stealth


You had 6 spell levels left.
You didn't know any spells.
Your spell library was empty.

Dungeon Overview and Level Annotations

Branches:
Dungeon (4/15)
 Temple: D:4-7

Altars:
Nemelex Xobeh
Qazlal
Wu Jian
The Shining One

Annotations:
D:3 exclusion: 2 downstairs
D:4 Blork the orc, Menkaure


Innate Abilities, Weirdness & Mutations

You cannot wear most types of armour.
You are very stealthy in the water. (Stealth+)
You are amphibious.
You can wear up to eight rings at the same time.
You can use your tentacles to constrict eight enemies at once.
Your skin changes colour to match your surroundings (Stealth+).
Your rubbery body absorbs attacks. (AC +1, EV +1)


Message History

The iguana bites you!
* * * LOW HITPOINT WARNING * * *
You hit the iguana.
The iguana is almost dead.
You constrict the iguana. The gnoll closely misses you. The iguana misses you.
Unknown command.
You release your grip on the iguana.
You see here a frilled lizard corpse.
You hit the iguana but do no damage. Your grab misses the iguana.
The iguana is almost dead.
The iguana barely misses you.
You barely miss the iguana. Your grab misses the iguana.
The iguana is almost dead.
The iguana bites you.
* * * LOW HITPOINT WARNING * * *
You hit the iguana but do no damage. You grab the iguana.
You squeeze the iguana.
You kill the iguana!
The gnoll hits you from afar with a spear!
You die...

#.....<<.........
####....#.##.##....
...........<.# .
.............# #
.............# .#
###.........##..##
#...##.........#
#... ####.####[#
#... #@# # #...
#h####.###. ##.##
#.g........ .. #..
###h##.#.# ##
.....##†##
.........#
......)........
≈≈≈≈≈≈≈≈≈≈....≈
≈≈≈≈≈≈≈≈≈≈....≈


You could see a gnoll and 2 jackals.

Vanquished Creatures
  Grinder (D:3)
  2 hounds (D:4)
  An iguana (D:4)
  Natasha (thrice) (D:2)
  A gnoll (D:4)
  3 adders
  An ooze (D:1)
  5 orcs (D:3)
  4 giant cockroaches
  5 goblins
  3 hobgoblins
  3 jackals
  6 kobolds
  2 quokkas (D:2)
  A ball python (D:3)
  5 bats
  6 frilled lizards
  4 rats
56 creatures vanquished.

Notes
Turn   | Place    | Note
-------+----------+-------------------------------------------
     0 | D:1      | Korosensei the Octopode Assassin began the quest for the
                  | Orb.
     0 | D:1      | Reached XP level 1. HP: 14/14 MP: 1/1
   237 | D:1      | Reached skill level 6 in Stealth
   237 | D:1      | Reached XP level 2. HP: 19/19 MP: 2/2
   549 | D:2      | Reached XP level 3. HP: 14/24 MP: 3/3
   863 | D:2      | Found an ornate altar of the Wu Jian Council.
  1016 | D:2      | Noticed Natasha
  1024 | D:2      | Killed Natasha
  1024 | D:2      | Reached skill level 7 in Stealth
  1024 | D:2      | Reached XP level 4. HP: 15/29 MP: 4/4
  1046 | D:2      | Noticed Natasha
  1052 | D:2      | Killed Natasha
  1052 | D:2      | Reached skill level 8 in Stealth
  1150 | D:2      | Found a sparkling altar of Nemelex Xobeh.
  1428 | D:2      | Noticed Natasha
  1442 | D:2      | Killed Natasha
  1744 | D:3      | Found a glowing golden altar of the Shining One.
  1896 | D:3      | Reached XP level 5. HP: 34/34 MP: 5/5
  2218 | D:3      | Found a stormy altar of Qazlal.
  2296 | D:3      | Noticed Grinder
  2303 | D:3      | Killed Grinder
  2303 | D:3      | Reached skill level 10 in Stealth
  2303 | D:3      | Reached XP level 6. HP: 38/39 MP: 6/6
  2466 | D:4      | Noticed Blork the orc
  2520 | D:4      | Noticed Menkaure
  2625 | D:4      | Reached skill level 11 in Stealth
  2630 | D:4      | Reached XP level 7. HP: 32/45 MP: 7/7
  2643 | D:4      | Slain by a gnoll

Skill      XL: |  1  2  3  4  5  6 |
---------------+-------------------+-----
Stealth        | 6 7 8 10 11 | 11.3
Fighting       | |  2.0
Short Blades   | |  2.0
Throwing       | |  2.0
Dodging        | |  1.0

Action                   |  1- 3 |  4- 6 |  7- 9 || total
-------------------------+-------+-------+-------++-------
Melee: Dagger            |    43 |    63 |    10 ||   116
       Constrict         |    10 |    15 |     3 ||    28
       Tentacles         |     4 |     8 |     4 ||    16
 Stab: Sleeping          |     7 |    18 |       ||    25
  Eat: Chunk             |       |     5 |       ||     5
Armor: Skin              |     2 |     4 |       ||     6
Dodge: Dodged            |    32 |    22 |     7 ||    61
